 Dungeon Crawl Stone Soup version 0.32-a0-558-g233958a4c4 (webtiles) character file.

Game seed: 17105607127722052890

3109 senseless the Fighter (level 9, 0/75 HPs)
             Began as a Coglin Fighter on Mar 1, 2024.
             Was a Follower of Beogh.
             Slain by an orc warrior
             ... wielding a +0 scimitar
              (7 damage)
             ... on level 10 of the Dungeon.
             The game lasted 00:13:38 (6510 turns).

senseless the Fighter (Coglin Fighter)              Turns: 6510, Time: 00:13:39

Health: 0/75       AC: 12    Str: 21    XL:     9   Next: 91%
Magic:  9/9        EV:  8    Int: 10    God:    Beogh [*.....]
Gold:   574        SH:  0    Dex: 14    Spells: 8/8 levels left

rFire   . . .        u - +3 flail {Njabulo}
rCold   . . .        x - +5 dagger {Ilshubani}
rNeg    . . .        i - +0 chain mail
rPois   .            l - +2 helmet
rElec   .            q - +0 cloak
rCorr   .            s - +0 pair of gloves of the Old and Reckless {Will+ Int+3}
SInv    .            (no boots)
Will    +....        (amulet unavailable) Stlth
                     (ring unavailable)
HPRegen 0.32/turn    (ring unavailable)
MPRegen 0.11/turn    (no gizmo)

%: no passive effects
@: confused, corroded, revved
A: off-hand wielding, slow wielding, warmup strikes, no jewelry
a: Invent Gizmo, Renounce Religion


You were on level 10 of the Dungeon.
You worshipped Beogh.
Beogh was aware of your devotion.
You visited 1 branch of the dungeon, and saw 8 of its levels.
You also visited: Sewer.

You collected 574 gold pieces.

Inventory:

Hand Weapons
 a - a +0 heavy war axe {Kenzo}
 c - a +0 broad axe
 o - a +0 war axe
 u - a +3 flail (weapon) {Njabulo}
 x - a +5 dagger (offhand) {Ilshubani}
Missiles
 j - 40 poisoned darts (quivered)
 w - a throwing net
Armour
 i - a +0 chain mail (worn)
 l - a +2 helmet (worn)
 q - a +0 cloak (worn)
 s - the +0 pair of gloves of the Old and Reckless (worn) {Will+ Int+3}
   (You found it on level 6 of the Dungeon)

   Int+3:     It affects your intelligence (+3).
   Will+:     It increases your willpower.
Wands
 e - a wand of roots (4)
 h - a wand of charming (14)
Scrolls
 f - 2 scrolls of amnesia
 k - 2 scrolls of teleportation
 n - a scroll of blinking
Potions
 b - 3 potions of mutation
 d - a potion of might
 g - 2 potions of haste
 m - 2 potions of lignification
 p - a potion of ambrosia
 t - 7 potions of curing
 v - 2 potions of magic
 B - a potion of brilliance {unknown}
 C - a potion of heal wounds {unknown}


   Skills:
 + Level 8.5 Fighting
 + Level 8.0 Axes
 + Level 7.6 Armour
 - Level 2.1 Shields


You had 8 spell levels left.
You didn't know any spells.
Your spell library contained the following spells:

 Spells                   Type           Power      Damage    Failure   Level
 Magic Dart               Conj           0%         1d3       91%         1
 Blink                    Tloc           0%         N/A       97%         2
 Call Imp                 Summ           0%         N/A       97%         2
 Sublimation of Blood     Necr           0%         N/A       97%         2
 Dazzling Flash           Conj/Hex       0%         N/A       100%        3
 Mephitic Cloud           Conj/Alch/Air  0%         N/A       100%        3
 Passage of Golubria      Tloc           0%         N/A       100%        4
 Petrify                  Alch/Erth      0%         N/A       100%        4
 Curse of Agony           Necr           0%         N/A       100%        5
 Irradiate                Conj/Alch      0%         3d11      100%        5
 Silence                  Hex/Air        0%         N/A       100%        5
 Lehudib's Crystal Spear  Conj/Erth      0%         10d2      100%        8


Dungeon Overview and Level Annotations

Branches:
Dungeon (7/15)             Temple (0/1) D:6           Sewer (visited)

Altars:

Shops:
D:3 =

Annotations:
D:7 1 runed translucent door, Crazy Yiuf


Innate Abilities, Weirdness & Mutations

You can wield a second weapon in your off-hand.
It takes a long time for you to wield or remove held weapons.
Your first few attacks do less damage.
You cannot equip rings or amulets.


Message History

You feel invigorated.
The orc wizard hits you but does no damage.
The orc warrior hits you but does no damage.
The acid dragon bites you but does no damage.
The acid dragon claws you but does no damage.
You closely miss the orc warrior with your +3 flail.
The orc warrior is heavily wounded.
You hit the orc warrior with your +5 dagger.
The orc wizard hits you but does no damage.
The orc warrior hits you with a +0 scimitar.
* * * LOW HITPOINT WARNING * * *
The acid dragon closely misses you.
The acid dragon claws you but does no damage.
The orc wizard attacks as it pursues you!
The orc wizard closely misses you.
You closely miss the acid dragon with your +5 dagger.
The acid dragon is almost dead.
You hit the acid dragon with your +3 flail.
You kill the acid dragon!
Beogh accepts your kill.
The acid dragon scales are intact enough to wear.
You feel less invigorated.
You feel less confused.
The orc wizard hits you with a +0 dagger.
* * * LOW HITPOINT WARNING * * *
Your Axes skill increases to level 8!
You hit the orc wizard with your +5 dagger.
The orc wizard is lightly wounded.
You hit the orc wizard but do no damage.
The orc warrior hits you with a +0 scimitar!
* * * LOW HITPOINT WARNING * * *
The orc wizard casts a spell at you.
You are confused.
The orc warrior hits you but does no damage.
You closely miss the orc wizard with your +3 flail.
The orc wizard is lightly wounded.
You hit the orc wizard with your +5 dagger.
The orc wizard hits you but does no damage.
The orc warrior hits you with a +0 scimitar!
You die...

#.# ###.#
....#############
##
##..............#
..
##...###...###.#
.# #.........#
#.# .#
#...###...#
#.##.###### #..##
##.####..o....)<.
...#
#......@o..#####
###.#
#########......
#.# .##### .# .#
.# .#


You could see an orc warrior and an orc wizard.

Vanquished Creatures
  Maggie (D:6)
  Sigmund (D:6)
  The ghost of Alarak the Trooper, an amateur BaHu (D:3)
  An acid dragon (D:10)
  A water moccasin (D:5)
  Pargi (Sewer)
  An orc warrior (D:7)
  2 ogres
  2 phantoms
  4 kobold brigands
  3 bullfrogs
  3 scorpions
  A gnoll sergeant (D:6)
  5 wights (D:6)
  3 howler monkeys (D:7)
  2 hounds
  A jelly (Sewer)
  2 bombardier beetles
  An orc priest (D:6)
  4 iguanas
  An orc wizard (D:5)
  A sleepcap (D:6)
  8 adders
  8 gnolls
  8 shadow imps
  6 white imps
  5 ufetubi
  2 dart slugs
  A ribbon worm (D:4)
  8 orcs
  9 ball pythons
  6 endoplasms
  7 giant cockroaches
  3 goblins
  10 hobgoblins
  4 quokkas
  A bat (D:1)
  5 frilled lizards
  26 kobolds
  6 rats
165 creatures vanquished.

Vanquished Creatures (others)
  An orc (D:10)
1 creature vanquished.

Grand Total: 166 creatures vanquished

Notes
Turn   | Place    | Note
-------+----------+-------------------------------------------
     0 | D:1      | senseless the Coglin Fighter began the quest for the Orb.
     0 | D:1      | Reached XP level 1. HP: 18/18 MP: 1/1
    98 | D:1      | Reached XP level 2. HP: 23/24 MP: 2/2
   293 | D:1      | Found a faded altar of an unknown god.
   599 | D:1      | Reached XP level 3. HP: 29/29 MP: 3/3
  1530 | D:3      | Reached XP level 4. HP: 37/37 MP: 4/4
  1606 | D:3      | Found a runed translucent door.
  1606 | D:3      | Noticed Alarak's ghost (amateur BaHu)
  1710 | D:3      | Noticed a kobold brigand
  1717 | D:3      | Killed a kobold brigand
  1718 | D:3      | Reached XP level 5. HP: 39/42 MP: 5/5
  1963 | D:3      | Found Lair Dino's Jewellery Emporium.
  2458 | D:3      | Killed Alarak's ghost
  2459 | D:3      | Reached XP level 6. HP: 32/50 MP: 6/6
  2544 | D:4      | Reached skill level 5 in Fighting
  2599 | D:4      | Reached XP level 7. HP: 56/56 MP: 7/7
  3579 | D:5      | Entered Level 5 of the Dungeon
  3599 | D:5      | Reached skill level 5 in Axes
  3599 | D:5      | Reached skill level 5 in Armour
  3631 | D:5      | Reached XP level 8. HP: 48/64 MP: 8/8
  3668 | D:5      | Found a glowing drain.
  3677 | Sewer    | Entered a sewer
  3679 | Sewer    | Noticed Pargi
  3704 | Sewer    | Killed Pargi
  4553 | D:6      | Noticed Sigmund
  4563 | D:6      | Became a worshipper of Beogh the Shepherd
  4565 | D:6      | Killed Sigmund
  4886 | D:6      | Noticed Maggie
  4907 | D:6      | Killed Maggie
  4908 | D:6      | Reached XP level 9. HP: 22/72 MP: 9/9
  5094 | D:6      | Identified the +0 pair of gloves of the Old and Reckless
                  | {Will+ Int+3}
  5365 | D:6      | Reached * piety under Beogh
  5461 | D:6      | Found a staircase to the Ecumenical Temple.
  6190 | D:7      | Found a runed translucent door.
  6191 | D:7      | Noticed Crazy Yiuf
  6466 | D:7      | You fall into a shaft and drop 3 floors!
  6466 | D:10     | Entered Level 10 of the Dungeon
  6510 | D:10     | Slain by an orc warrior

Illustrated notes

Levels and vault maps discovered:
D:1:      dpeg_arrival_more_subterranean_lakeside_camping, layout_basic,
          ebering_ecumenical_altar_box, nicolae_eternal_life,
          minmay_pentomino_z4
D:2:      layout_basic
D:3:      cheibrodos_thug_alley, layout_basic, gammafunk_ghost_grave,
          serial_shops, nicolae_shop_advertising_works
          [nicolae_subvault_shop_adworks], minmay_misc_feat_rows
D:4:      layout_basic, serial_demonic, serial_demonic_c, serial_demonic_a,
          serial_demonic_f, serial_demonic_g, serial_demonic_c, serial_demonic_a
D:5:      layout_basic, gup_sewer_entry_bubbles, grunt_decor_resistance
D:6:      layout_basic, minmay_temple_entry_sparse_star, uniq_sigmund,
          uniq_maggie
D:7:      layout_gridville, reono_crystal_passage, uniq_crazy_yiuf_cottage
D:10:     minmay_firetagon, layout_loops_ring, uniq_urug

Skill      XL: |  1  2  3  4  5  6  7  8  9 |
---------------+----------------------------+-----
Armour         | 3 4 5 6 7 |  7.6
Fighting       | 4 5 7 8 |  8.5
Axes           | 3 4 5 6 8 |  8.0
Shields        | |  2.1

Action                     |  1- 3 |  4- 6 |  7- 9 || total
---------------------------+-------+-------+-------++-------
  Melee: War axe           |    69 |    18 |       ||    87
         Spear             |       |    55 |   213 ||   268
         Dagger            |       |    31 |   224 ||   255
         Flail             |       |       |    69 ||    69
  Throw: Dart              |       |       |     7 ||     7
 Invoke: Convert to Beogh  |       |       |     1 ||     1
  Evoke: Wand              |       |       |     3 ||     3
    Use: Potion            |       |     1 |     1 ||     2
         Scroll            |       |       |    19 ||    19
 Armour: Scale mail        |    31 |       |       ||    31
         Chain mail        |    32 |    41 |   265 ||   338
  Dodge: Dodged            |    27 |    22 |   101 ||   150
  Block: Buckler           |    22 |     4 |       ||    26

Table legend: (Time is in decaauts)
 A = Elapsed time spent in this place.
 B = Non-inter-level travel time spent in this place.
 C = Inter-level travel time spent in this place.
 D = Time resting spent in this place.
 E = Time spent auto-exploring this place.
 F = Levels seen in this place.
 G = Mean time per level.
                   A        B        C        D        E       F      G
               +--------+--------+--------+--------+--------+-----+--------+
         Total |   6652 |   6460 |    192 |    281 |   4961 |   9 |  739.1 |
       Dungeon |   6421 |   6229 |    192 |    281 |   4801 |   8 |  802.6 |
         Sewer |    231 |    231 |      0 |      0 |    159 |   1 |  231.0 |
               +--------+--------+--------+--------+--------+-----+--------+

Top non-repeatable levels by time:
     D:6: 1494 daAuts
     D:4: 1076 daAuts
     D:3: 1031 daAuts
     D:1: 796 daAuts
     D:5: 760 daAuts
     D:2: 749 daAuts
     D:7: 469 daAuts
   Sewer: 231 daAuts
    D:10: 44 daAuts
